AoeStats
← efgpl

MegaRandom

505036570Analyzed
2v2 RM · 24d ago on Sep 7, 2026· 64m 55s· 4 players
Game mode
Random Map
Map size
Medium (4 player)
Population
200
Speed
Normal
Resources
Standard
Victory
Conquest
Starting age
Dark Age
Ending age
Imperial Age
RankedLock teamsTeams togetherTeam positionsShared explorationLock speedFull tech treeHidden civsTurbo modeCheats
Victory
Defeat
🇵🇱 Romans · Poland
1129
+11
🇵🇱 Vikings · Poland
855
+21
🇲🇾 Tupi · Malaysia
1000
-16
🇲🇾 Byzantines · Malaysia
992
-16
WELL-pack
9:21 Feudal Age
9:26 Man-at-Arms
10:12 Double-Bit Axe
11:18 Scale Mail Armor
13:42 Loom
16:00 Horse Collar
17:19 Forging
21:44 Castle Age
21:49 Long Swordsman
22:46 Chain Mail Armor
22:52 Squires
27:40 Elite Skirmisher
31:46 Ballistics
32:32 Fletching
33:43 Bodkin Arrow
34:46 Wheelbarrow
35:31 Bow Saw
37:20 Guard Tower
42:27 Imperial Age
40:13 Hand Cart
42:04 Iron Casting
42:35 Gold Mining
42:29 Legionary
44:11 Blast Furnace
44:18 Conscription
45:31 Comitatenses
45:24 Pikeman
45:52 Halberdier
48:24 Chemistry
48:01 Keep
48:38 Heavy Plow
49:14 Gold Shaft Mining
51:13 Town Watch
53:21 Masonry
57:11 Caravan
60:11 Padded Archer Armor
61:34 Scale Barding Armor
62:13 Coinage
62:25 Crop Rotation
65:24 Chain Barding Armor
64:27 Elite Centurion
65:26 Husbandry
efgpl
5:51 Loom
7:16 Loom
11:03 Feudal Age
11:42 Double-Bit Axe
14:59 Horse Collar
16:57 Padded Archer Armor
16:47 Fletching
24:11 Castle Age
24:33 Elite Skirmisher
24:47 Crossbowman
25:47 Leather Archer Armor
27:40 Ballistics
27:14 Heated Shot
29:48 Bow Saw
29:54 Heavy Plow
31:01 Town Watch
36:55 Bodkin Arrow
38:35 Town Patrol
42:57 Imperial Age
40:25 Gold Mining
40:30 Stone Mining
40:58 Masonry
42:53 Gold Shaft Mining
46:09 Ring Archer Armor
46:53 Chemistry
45:57 Bracer
48:12 Arbalester
50:29 Two-Man Saw
50:02 Crop Rotation
EonNFluttershy
1:07 Loom
10:40 Feudal Age
11:11 Champi Runner
17:19 Castle Age
25:23 Fletching
30:19 Champi Warrior
31:07 Scale Mail Armor
31:48 Wheelbarrow
31:55 Forging
31:47 Padded Archer Armor
37:30 Town Watch
38:33 Forging
48:14 Squires
48:00 Arson
52:16 Iron Casting
51:56 Chain Mail Armor
52:45 Leather Archer Armor
53:51 Double-Bit Axe
53:51 Horse Collar
AceLiteZero
7:48 Loom
10:47 Feudal Age
12:38 Horse Collar
17:50 Double-Bit Axe
27:03 Castle Age
25:46 Scale Barding Armor
28:49 Wheelbarrow
29:12 Heavy Plow
29:26 Bow Saw
32:00 Stone Mining
35:19 Hand Cart
39:34 Imperial Age
37:52 Chain Barding Armor
37:36 Scale Mail Armor
37:49 Forging
38:10 Murder Holes
40:31 Logistica
42:03 Elite Cataphract
44:42 Plate Barding Armor
45:15 Iron Casting
54:02 Pikeman
54:47 Squires
55:57 Chemistry
59:18 Ballistics
Connection lost

Rejoining the realm…

Still unreachable

The connection could not be restored.

Session expired

The server has moved on; the page needs a fresh start.